AoeStats
← 小奶狗

Oasis

509139006Analyzed
4v4 RM · 8d ago on Sep 25, 2026· 39m 18s· 8 players
Game mode
Random Map
Map size
Large (8 player)
Population
200
Speed
Normal
Resources
Standard
Victory
Conquest
Starting age
Dark Age
Ending age
Imperial Age
RankedLock teamsTeams togetherTeam positionsShared explorationLock speedFull tech treeHidden civsTurbo modeCheats
Victory
Defeat
🇩🇪 Franks · Germany
1174
+13
🇩🇪 Ethiopians · Germany
1116
+15
🇳🇱 Varangians · Netherlands
1085
+16
🇪🇸 Persians · Spain
1043
+18
🇹🇼 Japanese · Taiwan
1133
-17
🇹🇼 Hindustanis · Taiwan
1081
-15
🇹🇼 Britons · Taiwan
1079
-15
🇨🇴 Persians · Colombia
1071
-15
Mrcy
2:21 Loom
10:31 Feudal Age
12:48 Bloodlines
20:23 Castle Age
18:57 Double-Bit Axe
20:19 Fletching
20:50 Scale Barding Armor
21:35 Bow Saw
21:41 Horse Collar
25:59 Chain Barding Armor
33:31 Imperial Age
31:37 Wheelbarrow
32:09 Heavy Plow
32:03 Gold Mining
32:04 Stone Mining
33:14 Forging
34:14 Vendel Legacy
36:04 Husbandry
35:51 Cavalier
38:37 Elite Jarl
ImFriendly
9:29 Loom
11:30 Feudal Age
15:28 Castle Age
13:20 Double-Bit Axe
13:30 Horse Collar
16:14 Heavy Plow
16:30 Bow Saw
16:32 Heavy Plow
23:30 Gold Mining
24:51 Wheelbarrow
24:02 Town Watch
24:26 Scale Barding Armor
25:08 Wheelbarrow
26:40 Scale Barding Armor
26:46 Forging
29:32 Imperial Age
27:18 Hand Cart
27:11 Stone Mining
27:57 Gold Shaft Mining
27:46 Bloodlines
28:32 Stone Shaft Mining
29:29 Husbandry
29:54 Chain Barding Armor
30:10 Iron Casting
29:32 Cavalier
31:04 Crop Rotation
31:24 Plate Barding Armor
31:47 Savar
33:00 Conscription
34:07 Blast Furnace
36:13 Fletching
38:22 Bodkin Arrow
hurricanehoffmann
6:13 Loom
9:20 Feudal Age
10:05 Double-Bit Axe
21:17 Castle Age
19:42 Gold Mining
21:20 Forging
21:16 Scale Barding Armor
24:40 Chain Barding Armor
25:26 Wheelbarrow
24:54 Husbandry
28:04 Iron Casting
34:28 Imperial Age
32:15 Hand Cart
36:56 Cavalier
39:22 Plate Barding Armor
39:48 Blast Furnace
39:04 Paladin
jax0n
6:57 Loom
10:11 Feudal Age
10:48 Double-Bit Axe
14:45 Horse Collar
24:09 Castle Age
22:28 Fletching
22:57 Padded Archer Armor
24:12 Crossbowman
24:59 Thumb Ring
24:53 Bodkin Arrow
25:13 Leather Archer Armor
26:45 Bow Saw
31:21 Stone Mining
31:21 Gold Mining
38:43 Imperial Age
37:08 Town Watch
37:59 Wheelbarrow
37:48 Ballistics
39:30 Bracer
40:01 Ring Archer Armor
38:56 Arbalester
40:38 Chemistry
39:44 Siege Engineers
TheWarrior
6:54 Loom
10:51 Feudal Age
19:45 Horse Collar
22:10 Castle Age
20:09 Double-Bit Axe
25:05 Scale Mail Armor
25:18 Forging
28:32 Imperial Age
26:23 Bow Saw
28:07 Heavy Plow
29:14 Conscription
30:41 Fletching
32:40 Wheelbarrow
虎戰
2:32 Loom
10:43 Feudal Age
24:45 Castle Age
23:29 Double-Bit Axe
23:28 Horse Collar
28:14 Man-at-Arms
莖鋼狼
0:29 Loom
10:48 Feudal Age
17:07 Castle Age
19:19 Double-Bit Axe
20:09 Scale Mail Armor
25:35 Wheelbarrow
26:02 Husbandry
26:11 Scale Barding Armor
25:50 Horse Collar
26:33 Pikeman
27:15 Gambesons
34:42 Imperial Age
32:49 Fletching
33:59 Bodkin Arrow
34:21 Gold Mining
34:45 Bow Saw
34:29 Crossbowman
36:10 Conscription
小奶狗
0:26 Loom
11:20 Feudal Age
15:09 Castle Age
13:44 Double-Bit Axe
16:21 Bow Saw
21:05 Stone Mining
21:21 Horse Collar
23:35 Gold Mining
26:34 Gold Shaft Mining
26:02 Heavy Plow
29:06 Imperial Age
26:49 Forging
26:45 Scale Barding Armor
28:33 Iron Casting
28:11 Bloodlines
28:01 Husbandry
28:38 Chain Barding Armor
31:11 Chemistry
32:09 Heavy Camel Rider
32:23 Pikeman
33:42 Wheelbarrow
36:50 Blast Furnace
Connection lost

Rejoining the realm…

Still unreachable

The connection could not be restored.

Session expired

The server has moved on; the page needs a fresh start.